 Dungeon Crawl Stone Soup version 0.31-a0-986-g5e6e4ef867 (webtiles) character file.

Game seed: 14406061222099387662

1878 Persephone the Carver (level 8, -7/70 HPs)
             Began as a Minotaur Monk on Nov 12, 2023.
             Was a High Priest of Makhleb.
             Mangled by a killer bee (8 damage)
             ... on level 6 of the Dungeon.
             The game lasted 00:08:36 (5563 turns).

Persephone the Carver (Minotaur Monk)               Turns: 5563, Time: 00:08:36

Health: -7/70      AC:  7    Str: 15      XL:     8   Next: 91%
Magic:  7/7        EV: 10    Int:  7      God:    Makhleb [*****.]
Gold:   459        SH:  0    Dex: 17 (18) Spells: 7/7 levels left

rFire   . . .        t - +13 scythe of Curses {drain, curses, Drain}
rCold   . . .        (shield currently unavailable)
rNeg    . . .        n - +0 scale mail
rPois   +            (helmet restricted)
rElec   .            (no cloak)
rCorr   .            s - +0 pair of gloves
SInv    .            (no boots)
Will    .....        (no amulet)
Stlth   +            (no ring)
HPRegen 0.31/turn    (no ring)
MPRegen 0.10/turn

%: no passive effects
@: brilliant, lethally poisoned (-7 -> -11)
A: horns 2, retaliatory headbutt, thin skeletal structure 1, deterioration 1,
poison resistance, robust 1
a: Renounce Religion, Minor Destruction, Lesser Servant of Makhleb, Major
Destruction, Greater Servant of Makhleb


You were on level 6 of the Dungeon.
You worshipped Makhleb.
Makhleb was extremely pleased with you.
You visited 1 branch of the dungeon, and saw 7 of its levels.

You collected 459 gold pieces.

Inventory:

Hand Weapons
 t - the +13 scythe of Curses (weapon) {drain, curses, Drain}
   (You found it on level 6 of the Dungeon)

   Drain:     It drains your maximum health when unequipped.
Missiles
 f - a throwing net
 p - 8 boomerangs (quivered)
Armour
 i - a +1 buckler
 n - a +0 scale mail (worn)
 s - a +0 pair of gloves (worn)
Jewellery
 o - an amulet of faith
Wands
 c - a wand of charming (5)
 m - a wand of light (9)
Scrolls
 e - a scroll of blinking
 l - 2 scrolls of teleportation
Potions
 b - a potion of resistance
 d - a potion of degeneration
 j - a potion of magic
 k - a potion of might
 r - a potion of cancellation


   Skills:
 - Level 3.6 Fighting
 - Level 13.3 Long Blades
 + Level 4.5 Polearms
 - Level 3.2 Dodging


You had 7 spell levels left.
You didn't know any spells.
Your spell library contained the following spells:

 Spells                   Type           Power      Damage    Failure   Level
 Sublimation of Blood     Necr           0%         N/A       96%         2
 Inner Flame              Hex/Fire       0%         N/A       99%         3
 Petrify                  Tmut/Erth      0%         N/A       100%        4
 Irradiate                Conj/Tmut      0%         3d11      100%        5
 Yara's Violent Unravell  Hex/Tmut       0%         3d3       100%        5
 Enfeeble                 Hex            0%         N/A       100%        7


Dungeon Overview and Level Annotations

Branches:
Dungeon (7/15)             Temple (0/1) D:6

Altars:
Gozag
Kikubaaqudgha
Makhleb

Shops:
D:1 ?(?*   D:3 (


Innate Abilities, Weirdness & Mutations

You have a pair of horns on your head.
You reflexively headbutt those who attack you in melee.
You have a somewhat thin skeletal structure. (Dex +2, Stealth+)
Your body sometimes deteriorates upon taking damage.
Your system is resistant to poisons. (rPois)
You are robust. (+10% HP)


Message History

You are more poisoned.
The killer bee poisons you!
The killer bee stings you but does no damage.
The killer bee completely misses you. The killer bee stings you!
* * * LOW HITPOINT WARNING * * *
The killer bee stings you but does no damage.
You impale the killer bee!!
You kill the killer bee!
Makhleb accepts your kill.
You feel better.
You feel very sick. The killer bee closely misses you. You furiously retaliate!
You headbutt the killer bee! The killer bee closely misses you.
You furiously retaliate!
You headbutt the killer bee. The killer bee barely misses you.
The killer bee stings you but does no damage.
The killer bee closely misses you. The killer bee barely misses you. x2
The killer bee stings you!
* * * LOW HITPOINT WARNING * * *
Okay, then.
Aiming: Minor Destruction (17% risk of failure)
Press: ? - help, Shift-Dir - straight line, f - killer bee
Aim: a killer bee (heavily wounded)
The glob of acid misses the killer bee.
You feel sick.
The killer bee closely misses you. x2; The killer bee barely misses you.
The killer bee stings you but does no damage.
Aiming: Minor Destruction (17% risk of failure)
Press: ? - help, Shift-Dir - straight line, f/p - killer bee
Aim: a killer bee (heavily wounded)
The zap hits the killer bee but does no damage.
The killer bee is heavily wounded.
You feel sick. The killer bee closely misses you. You furiously retaliate!
You headbutt the killer bee. The killer bee stings you.
* * * LOW HITPOINT WARNING * * *
The killer bee closely misses you. The killer bee barely misses you.
It was a potion of brilliance.
You feel clever all of a sudden.
* * * LOW HITPOINT WARNING * * *
You feel sick. The killer bee barely misses you. The killer bee stings you!
You die...

#...#.##.###..####.
#...##.#...#....(#.
#.....†..#...###.#.
##.##..#####.# #.##
#.###.#####.# #.#.
#.# #....##.# #...
#.# ###.....# ###.
#.# #..#### #. #@##
#..## ## #yy##
#>..# #.
##..###)#.## #.
##.<...#..######.
####............
##.##..#####.
#.###.# #. ##.# #.#
## #..# #.### #


You could see 2 killer bees.

Vanquished Creatures
  A water moccasin (D:6)
  An orc warrior (D:6)
  A black bear (D:5)
  An ogre (D:6)
  A wolf (D:5)
  Blork the orc (D:4)
  2 bullfrogs
  2 gnoll sergeants (D:5)
  3 scorpions
  2 killer bees
  A howler monkey (D:4)
  9 hounds
  3 jellies
  A sleepcap (D:6)
  2 gnoll boudas (D:5)
  2 orc wizards
  9 gnolls
  8 adders
  4 white imps
  2 ufetubi (D:6)
  2 worms
  4 dart slugs
  22 orcs
  2 endoplasms
  5 giant cockroaches
  8 goblins
  6 hobgoblins
  3 jackals (D:4)
  7 kobolds
  7 quokkas
  7 ball pythons
  3 bats
  4 frilled lizards
  7 rats
143 creatures vanquished.

Notes
Turn   | Place    | Note
-------+----------+-------------------------------------------
     0 | D:1      | Persephone the Minotaur Monk began the quest for the Orb.
     0 | D:1      | Reached XP level 1. HP: 19/19 MP: 0/0
    76 | D:1      | Reached skill level 4 in Long Blades
   100 | D:1      | Found Ujyekusa's Magic Scroll Emporium.
   102 | D:1      | Found Uhiazits's Assorted Antiques.
   234 | D:1      | Found Veof's Magic Scroll Boutique.
   247 | D:1      | Reached XP level 2. HP: 26/26 MP: 1/1
   578 | D:1      | Found Idwuicri's Weapon Shop.
   690 | D:1      | Found a faded altar of an unknown god.
   808 | D:1      | Prayed at the altar of an unknown god.
   808 | D:1      | Became a worshipper of Makhleb the Destroyer
   808 | D:1      | Reached * piety under Makhleb
   808 | D:1      | Reached ** piety under Makhleb
   962 | D:2      | Reached skill level 5 in Long Blades
  1042 | D:2      | Reached XP level 3. HP: 31/31 MP: 2/2
  1285 | D:2      | Reached *** piety under Makhleb
  1377 | D:2      | Reached skill level 6 in Long Blades
  1377 | D:2      | Reached XP level 4. HP: 36/39 MP: 3/3
  2144 | D:3      | Reached skill level 7 in Long Blades
  2144 | D:3      | Reached XP level 5. HP: 12/45 MP: 4/4
  2145 | D:3      | HP: 1/45 [gnoll/+0 flail (11)]
  2148 | D:3      | Gained mutation: Your body sometimes deteriorates upon
                  | taking damage. [potion of mutation]
  2148 | D:3      | Gained mutation: Your system is resistant to poisons.
                  | (rPois) [potion of mutation]
  2148 | D:3      | Gained mutation: You have a somewhat thin skeletal
                  | structure. (Dex +2, Stealth+) [potion of mutation]
  2148 | D:3      | Gained mutation: You are robust. (+10% HP) [potion of
                  | mutation]
  2321 | D:3      | You fall into a shaft and drop 1 floor!
  2426 | D:4      | Found an ancient bone altar of Kikubaaqudgha.
  2793 | D:3      | Reached **** piety under Makhleb
  2813 | D:3      | Found Keanoqia's Antique Weapon Shop.
  3107 | D:4      | Reached skill level 8 in Long Blades
  3107 | D:4      | Reached XP level 6. HP: 52/56 MP: 5/5
  3426 | D:4      | Noticed Blork the orc
  3435 | D:4      | Killed Blork the orc
  3672 | D:5      | Entered Level 5 of the Dungeon
  3677 | D:5      | Reached skill level 9 in Long Blades
  3872 | D:5      | Reached XP level 7. HP: 55/62 MP: 6/6
  4005 | D:5      | Reached skill level 10 in Long Blades
  4163 | D:5      | Found an opulent altar of Gozag.
  4228 | D:5      | Reached skill level 11 in Long Blades
  4414 | D:5      | Reached XP level 8. HP: 70/70 MP: 7/7
  4677 | D:5      | Reached skill level 12 in Long Blades
  4892 | D:6      | Found a staircase to the Ecumenical Temple.
  5201 | D:6      | Reached skill level 13 in Long Blades
  5222 | D:6      | Found the +13 scythe of Curses {drain, curses, Drain}
  5327 | D:6      | Reached ***** piety under Makhleb
  5554 | D:7      | Noticed a gargoyle
  5562 | D:6      | HP: 2/70 [killer bee (5)]
  5563 | D:6      | Mangled by a killer bee

Illustrated notes

Levels and vault maps discovered:
D:1:      dpeg_arrival_stone_temple_mockup, layout_loops_ring,
          dreamdust_ecumenical_altar_angels_and_demons, serial_shops,
          nicolae_shop_real_fake_doors, shop, nicolae_shop_waterfront, shop,
          wander_ebering_terrifying_dragon_lair
D:2:      layout_basic
D:3:      layout_basic, serial_shops, shop
D:4:      cheibrodos_old_hovel, layout_loops_cross, kiku_gazebo_pond_becter,
          uniq_blork_the_orc
D:5:      layout_cave_pools, grunt_gozag_statues, serial_gnoll_camp,
          gnoll_camp_mini_hut, gnoll_camp_mini_house, gnoll_camp_mini_basic,
          gnoll_camp_mini_loothouse, gnoll_camp_mini_hut
D:6:      layout_rooms, minmay_temple_entry_grid, serial_curves, eino_curves_01,
          eino_curves_01, eino_curves_02, kennysheep_cluttered_room,
          minmay_misc_feat_tiny
D:7:      layout_cave_pools, nzn_wu_jian_contemplation, st_stairs_7,
          minivault_25

Skill      XL: |  1  2  3  4  5  6  7  8 |
---------------+-------------------------+-----
Long Blades    | 4 5 6 7 8 9 11 13 | 13.3
Polearms       | 4 |  4.5
Fighting       | |  3.6
Dodging        | |  3.2

Action                     |  1- 3 |  4- 6 |  7- 9 || total
---------------------------+-------+-------+-------++-------
  Melee: Falchion          |    83 |   149 |    11 ||   243
         Headbutt          |    13 |    26 |    17 ||    56
         Great sword       |       |       |    90 ||    90
         Scythe            |       |       |    14 ||    14
  Throw: Boomerang         |       |       |    20 ||    20
 Invoke: Minor Destruction |       |     1 |     2 ||     3
    Use: Potion            |       |     4 |     2 ||     6
         Scroll            |       |     8 |     4 ||    12
 Armour: Robe              |    17 |       |       ||    17
         Leather armour    |    13 |     1 |       ||    14
         Scale mail        |       |   117 |   151 ||   268
  Dodge: Dodged            |    54 |    65 |   108 ||   227
  Block: Buckler           |     3 |    30 |     2 ||    35

Table legend: (Time is in decaauts)
 A = Elapsed time spent in this place.
 B = Non-inter-level travel time spent in this place.
 C = Inter-level travel time spent in this place.
 D = Time resting spent in this place.
 E = Time spent auto-exploring this place.
 F = Levels seen in this place.
 G = Mean time per level.
                   A        B        C        D        E       F      G
               +--------+--------+--------+--------+--------+-----+--------+
         Total |   5596 |   5228 |    368 |      0 |   4268 |   7 |  799.4 |
       Dungeon |   5596 |   5228 |    368 |      0 |   4268 |   7 |  799.4 |
               +--------+--------+--------+--------+--------+-----+--------+

Top non-repeatable levels by time:
     D:2: 1138 daAuts
     D:4: 1033 daAuts
     D:5: 1003 daAuts
     D:1: 825 daAuts
     D:3: 811 daAuts
     D:6: 776 daAuts
     D:7: 7 daAuts
